 Dungeon Sprint DCSS version 0.30.1-11-g7821555f0a (webtiles) character file.

Game seed: 4931637323022052944

15609 jagang the Warrior (level 12, -5/129 HPs)
             Began as a Minotaur Fighter on Nov 28, 2023.
             Was the Champion of the Shining One.
             Killed from afar by a hell hog (8 damage)
             ... with a fireball
             ... in the Dungeon (Sprint V: "Ziggurat Sprint").
             The game lasted 00:15:00 (899 turns).

jagang the Warrior (Minotaur Fighter)                Turns: 899, Time: 00:15:01

Health: -5/129     AC: 32    Str: 36    XL:     12   Next: 2%
Magic:  19/19      EV:  3    Int:  7    God:    the Shining One [******]
Gold:   0          SH: 35    Dex: 12    Spells: 11/11 levels left

rFire   + . .        p - +6 shillelagh "Devastator" {shatter}
rCold   + . .        n - +18 shield of the Gong {Loud rN+ Will+ rCorr EV-5}
rNeg    + + +        m - +15 Maxwell's patent armour {-Cast -Tele rElec Will+ rCorr}
rPois   +            (helmet restricted)
rElec   +            (no cloak)
rCorr   +            (no gloves)
SInv    .            (no boots)
Will    ++...        y - amulet of Luesmuv {Reflect Int+2 SH+5} Stlth
                     r - +6 ring of strength
HPRegen 0.41/turn    s - +6 ring of strength
MPRegen 0.16/turn

%: no teleportation, no spellcasting, reflection
@: resistant, weakened, glowing, studying 2 skills
A: horns 2, retaliatory headbutt
a: Renounce Religion, Divine Shield, Cleansing Flame, Summon Divine Warrior


You were in the Dungeon.
You worshipped the Shining One.
The Shining One was exalted by your worship.
You visited 1 branch

Inventory:

Hand Weapons
 k - a +7 sacred scourge of holy wrath
 p - the +6 shillelagh "Devastator" (weapon) {shatter}
   (You found it in the Dungeon)
 G - the +7 flail of Disembowelment {heavy, Fragile rElec rPois Dex+4}
   (You found it in the Dungeon)

   Dex:       It affects your dexterity (+4).
   rElec:     It insulates you from electricity.
   rPois:     It protects you from poison.
   Fragile:   It will be destroyed if unequipped.
Armour
 m - the +15 Maxwell's patent armour (worn) {-Cast -Tele rElec Will+ rCorr}
   (You found it in the Dungeon)

   rElec:     It insulates you from electricity.
   -Cast:     It prevents spellcasting.
   -Tele:     It prevents most forms of teleportation.
   rCorr:     It protects you from acid and corrosion.
   Will:      It increases your willpower.
 n - the +18 shield of the Gong (worn) {Loud rN+ Will+ rCorr EV-5}
   (You found it in the Dungeon)

   Loud:      It is deafeningly noisy when blocking attacks.
   EV:        It affects your evasion (-5).
   rN:        It protects you from negative energy.
   rCorr:     It protects you from acid and corrosion.
   Will:      It increases your willpower.
Jewellery
 b - a ring of flight
 c - a +6 ring of dexterity
 l - a +6 ring of dexterity
 o - a +6 ring of strength
 r - a +6 ring of strength (left hand)
 s - a +6 ring of strength (right hand)
 y - the amulet of Luesmuv (around neck) {Reflect Int+2 SH+5}
   (You found it in the Dungeon)

   [amulet of reflection]

   It reflects blocked missile attacks.
   Int:       It affects your intelligence (+2).
   SH:        It affects your SH (+5).
 z - the ring "Edghauh" {rPois rN+}
   (You found it in the Dungeon)

   [ring of positive energy]

   rPois:     It protects you from poison.
   rN:        It protects you from negative energy.
 B - a ring of protection from cold
 H - an amulet of regeneration
Wands
 a - a wand of paralysis (11)
 t - a wand of mindburst (14) (quivered)
 u - a wand of light (7)
 w - a wand of polymorph (6)
 D - a wand of digging (8)
 E - a wand of flame (20)
Scrolls
 j - 4 scrolls of blinking
 A - 7 scrolls of fog
 C - 2 scrolls of fear
Potions
 d - 6 potions of might
 e - 10 potions of curing
 f - 6 potions of heal wounds
 g - 4 potions of haste
 h - 7 potions of magic
 i - 3 potions of berserk rage
 v - 2 potions of brilliance
 x - 2 potions of resistance
Miscellaneous
 F - a condenser vane


   Skills:
 * Level 18.9 Fighting
 * Level 18.7 Maces & Flails
 + Level 16.2 Armour
 + Level 13.6 Shields
 + Level 11.0 Invocations
 + Level 10.0 Evocations


You had 11 spell levels left.
You didn't know any spells.
Your spell library contained the following spells:

 Spells                   Type           Power      Damage    Failure   Level
 Beastly Appendage        Tmut           0%         N/A       94%         1
 Magic Dart               Conj           0%         1d3       94%         1
 Shock                    Conj/Air       0%         1d3       94%         1
 Call Imp                 Summ           0%         N/A       98%         2
 Cigotuvi's Dreadful Rot  Necr/Pois/Air  0%         N/A       98%         2
 Ensorcelled Hibernation  Hex/Ice        0%         N/A       98%         2
 Lesser Beckoning         Tloc           0%         N/A       98%         2
 Momentum Strike          Conj/Tloc      0%         3d8       98%         2
 Poisonous Vapours        Pois/Air       0%         N/A       98%         2
 Scorch                   Fire           0%         2d5       98%         2
 Static Discharge         Conj/Air       0%         2-2/arc   98%         2
 Wereblood                Tmut           0%         N/A       98%         2
 Dazzling Flash           Conj/Hex       0%         N/A       100%        3
 Gell's Gravitas          Tloc           0%         N/A       100%        3
 Ignite Poison            Fire/Tmut/Pois 0%         N/A       100%        3
 Inner Flame              Hex/Fire       0%         N/A       100%        3
 Mephitic Cloud           Conj/Pois/Air  0%         N/A       100%        3
 Portal Projectile        Hex/Tloc       0%         N/A       100%        3
 Spider Form              Tmut/Pois      0%         N/A       100%        3
 Swiftness                Air            0%         N/A       100%        3
 Teleport Other           Tloc           0%         N/A       100%        3
 Airstrike                Air            0%         2d(0-16)  100%        4
 Animate Armour           Summ/Erth      0%         N/A       100%        4
 Cause Fear               Hex            0%         N/A       100%        4
 Leda's Liquefaction      Hex/Erth       0%         N/A       100%        4
 Sticky Flame             Conj/Fire      0%         2d3       100%        4
 Summon Lightning Spire   Summ/Air       0%         N/A       100%        4
 Agony                    Necr           0%         N/A       100%        5
 Blade Hands              Tmut           0%         N/A       100%        5
 Silence                  Hex/Air        0%         N/A       100%        5
 Summon Forest            Summ/Tloc      0%         N/A       100%        5
 Conjure Ball Lightning   Conj/Air       0%         3x3d6     100%        6
 Eringya's Noxious Bog    Tmut/Pois      0%         N/A       100%        6
 Iron Shot                Conj/Erth      0%         9d1       100%        6
 Statue Form              Tmut/Erth      0%         N/A       100%        6
 Dragon Form              Tmut           0%         N/A       100%        7
 Storm Form               Tmut/Air       0%         N/A       100%        7
 Summon Hydra             Summ           0%         N/A       100%        7
 Discord                  Hex            0%         N/A       100%        8
 Disjunction              Tloc           0%         N/A       100%        8
 Ignition                 Fire           0%         3d3       100%        8


Dungeon Overview and Level Annotations

Branches:
Dungeon (1/1)

Altars:
Ashenzari
Cheibriados
Dithmenos
Elyvilon
Fedhas
Gozag
Hepliaklqana
Kikubaaqudgha
Makhleb
Nemelex Xobeh
Okawaru
Qazlal
Ru
Sif Muna
Trog
Uskayaw
Vehumet
Wu Jian
Xom
Yredelemnul
Zin
The Shining One
Jiyva
Lugonu


Innate Abilities, Weirdness & Mutations

You have a pair of horns on your head.
You reflexively headbutt those who attack you in melee.


Message History

You feel your attacks grow feeble.
You feel much better.
The salamander tyrant calls gouts of flame from the lava!
The flame surge hits you! You resist.
* * * LOW HITPOINT WARNING * * *
You feel much better. The hell hog breathes fire at you.
The fireball explodes!
The fireball engulfs the hell hog.
The hell hog completely resists.
The fireball engulfs the searing wretch.
The searing wretch completely resists.
The fireball engulfs you! You resist.
* * * LOW HITPOINT WARNING * * *
The fireball engulfs the hell hog.
The hell hog completely resists.
The fireball engulfs the balrug.
The balrug completely resists.
The balrug gestures at you.
The fireball explodes!
The fireball engulfs the hell hog.
The hell hog completely resists.
The fireball engulfs the searing wretch.
The searing wretch completely resists.
The fireball engulfs you! You resist.
* * * LOW HITPOINT WARNING * * *
The fireball engulfs the hell hog.
The hell hog completely resists.
The fireball engulfs the balrug.
The balrug completely resists.
The hell hog breathes fire at you.
The fireball explodes!
The fireball engulfs you! You resist.
* * * LOW HITPOINT WARNING * * *
The fireball engulfs the hell hog.
The hell hog completely resists.
The fireball engulfs the hell hog.
The hell hog completely resists.
The hell hog breathes fire at you.
The fireball explodes!
The fireball engulfs you! You resist.
* * * LOW HITPOINT WARNING * * *
The fireball engulfs the hell hog.
The hell hog completely resists.
The fireball engulfs the hell hog.
The hell hog completely resists.
The hell hog breathes fire at you.
The fireball explodes!
The fireball engulfs the hell hog.
The hell hog completely resists.
The fireball engulfs the hell hog.
The hell hog completely resists.
The fireball engulfs the hell hog.
The hell hog completely resists.
The fireball engulfs the searing wretch.
The searing wretch completely resists.
The fireball engulfs you! You resist.
You die...

▓▓▓▓▓▓▓▓▓▓▓
▓...=::[)...▓...8©8...▓
▓...........▓..).=|...▓
▓.....h.....▓....)....▓
▓....Cn.N...▓.........▓
▓.....Chh...▓.........▓
▓....hn.2...▓.........▓
▓....≈hh....▓...)))...▓
▓....≈@.....▓...))....▓
▓.....©.....▓....©....▓
▓▓▓▓▓▓▓▓▓▓▓▓▓▓▓▓▓▓▓▓▓▓▓
▓...8©8...▓...8©8...▓..
▓..[)).)|.▓..)|.||..▓..
▓..|))"...▓..||)=...▓..
▓.........▓.........▓..
▓.........▓.........▓..
▓.....)...▓.........▓..


You could see 2 searing wretches, 2 fire giants, a balrug, a salamander tyrant
and 6 hell hogs.

Vanquished Creatures
  2 narguns (D)
  3 frost giants (D)
  A very ugly thing (D)
  A vampire knight (D)
  A wendigo (D)
  A yaktaur captain (D)
  2 vault guards (D)
  A vampire mage (D)
  A spriggan druid (D)
  3 necromancers (D)
  An ironbound convoker (D)
  A cyclops (D)
  2 vault sentinels (D)
  3 toenail golems (D)
  A kobold demonologist (D)
  A yaktaur (D)
  2 tormentors (D)
  2 merfolk (D)
  A wind drake (D)
  A hornet (D)
  4 spriggans (D)
  A water moccasin (D)
  4 black bears (D)
  4 wolves (D)
  2 centaurs (D)
  2 phantoms (D)
  3 earth elementals (D)
  3 necrophages (D)
  3 wights (D)
  A quasit (D)
  An orc priest (D)
  2 orc wizards (D)
  2 adders (D)
  An ufetubus (D)
  2 adder skeletons (D)
  An adder simulacrum (D)
  2 orcs (D)
  A bat skeleton (D)
  2 bat zombies (D)
  A ball python (D)
  A ball python simulacrum (D)
  A giant cockroach zombie (D)
  A quokka zombie (D)
76 creatures vanquished.

Notes
Turn   | Place    | Note
-------+----------+-------------------------------------------
     0 | D        | jagang the Minotaur Fighter began the quest for the Orb.
     0 | D        | Reached XP level 1. HP: 19/19 MP: 0/0
     2 | D        | Found a blossoming altar of Fedhas.
     2 | D        | Found the +6 Majin-Bo {spellvamp, MP+6 Int+6}
     2 | D        | Found the +27 heavy crossbow "Sniper" {heavy, Acc+∞ SInv}
     2 | D        | Found the +10 dark maul {heavy}
     2 | D        | Found the +15 Maxwell's patent armour {-Cast -Tele rElec
                  | Will+ rCorr}
     2 | D        | Found the +18 shield of the Gong {Loud rN+ Will+ rCorr
                  | EV-5}
     2 | D        | Found the +16 obsidian axe {drain, demonic, Mesm Drain Fly
                  | SInv}
     2 | D        | Found the +7 great mace "Firestarter" {flame, immolate,
                  | rFlCloud rF++}
     2 | D        | Found the +6 shillelagh "Devastator" {shatter}
     2 | D        | Found the +11 plutonium sword {Contam Stlth-}
     2 | D        | Found the +8 lance "Wyrmbane" {slay drac, rPois rF+ rC+
                  | AC+3}
     2 | D        | Found the +9 sword of Zonguldrok {reap}
     2 | D        | Found the +13 scythe of Curses {drain, curses, Drain}
     2 | D        | Found the +9 sword of Power {lifebolt}
     2 | D        | Found the +7 mace of Variability {chaos, chaos arc}
     2 | D        | Found the +11 Singing Sword {sonic wave}
     2 | D        | Found the +8 storm bow {elec, penet}
     3 | D        | Found a viscous altar of Jiyva.
     3 | D        | Found a hazy altar of Hepliaklqana.
     3 | D        | Found a transporter.
     3 | D        | Found an opulent altar of Gozag.
     3 | D        | Found an ancient bone altar of Kikubaaqudgha.
     3 | D        | Found a corrupted altar of Lugonu.
    16 | D        | Found a burning altar of Makhleb.
    17 | D        | Found a sparkling altar of Nemelex Xobeh.
    17 | D        | Found an iron altar of Okawaru.
    17 | D        | Found a stormy altar of Qazlal.
    17 | D        | Found a sacrificial altar of Ru.
    50 | D        | Found a shimmering blue altar of Sif Muna.
    52 | D        | Found a bloodstained altar of Trog.
    68 | D        | Reached skill level 5 in Maces & Flails
    68 | D        | Reached skill level 5 in Armour
    68 | D        | Reached skill level 5 in Shields
    68 | D        | Reached XP level 2. HP: 30/30 MP: 1/1
    83 | D        | Became a worshipper of the Shining One
    96 | D        | Entered arena 2.
    96 | D        | Noticed a wolf
    96 | D        | Noticed a black bear
    96 | D        | Found a transporter.
    98 | D        | Killed a wolf
    99 | D        | Reached skill level 1 in Evocations
    99 | D        | Reached XP level 3. HP: 39/39 MP: 1/3
    99 | D        | Reached XP level 4. HP: 47/47 MP: 1/4
    99 | D        | Killed a black bear
   100 | D        | Reached XP level 5. HP: 56/56 MP: 1/6
   103 | D        | Got the ring "Edghauh" {rPois rN+}
   111 | D        | Entered arena 3.
   111 | D        | Noticed a kobold demonologist
   111 | D        | Reached * piety under the Shining One
   111 | D        | Reached ** piety under the Shining One
   111 | D        | Found a transporter.
   119 | D        | Killed a kobold demonologist
   120 | D        | Reached skill level 10 in Fighting
   120 | D        | Reached XP level 6. HP: 66/66 MP: 5/8
   128 | D        | Entered arena 4.
   128 | D        | Noticed a spriggan
   128 | D        | Reached *** piety under the Shining One
   128 | D        | Found a transporter.
   130 | D        | Killed a spriggan
   131 | D        | Reached skill level 10 in Maces & Flails
   131 | D        | Reached XP level 7. HP: 73/73 MP: 7/9
   134 | D        | Reached skill level 5 in Invocations
   138 | D        | Got Sif Muna's Codex of the Charmed Shift
   140 | D        | Got the ring "Pixom" {MP+9 Int+3}
   144 | D        | Got the Encyclopedia of the Black Widow
   151 | D        | Entered arena 5.
   151 | D        | Reached **** piety under the Shining One
   151 | D        | Found a transporter.
   155 | D        | Reached XP level 8. HP: 83/83 MP: 9/11
   164 | D        | Entered arena 6.
   164 | D        | Found a transporter.
   167 | D        | Reached skill level 5 in Evocations
   182 | D        | Entered arena 7.
   182 | D        | Reached ***** piety under the Shining One
   182 | D        | Noticed a toenail golem
   182 | D        | Noticed a toenail golem
   182 | D        | Noticed a toenail golem
   183 | D        | Found a transporter.
   185 | D        | Killed a toenail golem
   186 | D        | Killed a toenail golem
   186 | D        | Killed a toenail golem
   187 | D        | Reached XP level 9. HP: 93/93 MP: 11/13
   194 | D        | Got the Spellbook of Maledictive Transformation
   198 | D        | Got the amulet of Luesmuv {Reflect Int+2 SH+5}
   208 | D        | Entered arena 8.
   208 | D        | Noticed a merfolk
   208 | D        | Noticed a merfolk
   208 | D        | Noticed a cyclops
   208 | D        | Noticed a wind drake
   209 | D        | Found a transporter.
   215 | D        | Reached skill level 10 in Armour
   215 | D        | Killed a cyclops
   216 | D        | Reached skill level 10 in Shields
   219 | D        | Killed a merfolk
   220 | D        | Killed a merfolk
   220 | D        | Killed a wind drake
   328 | D        | Entered arena 9.
   328 | D        | Noticed a spriggan druid
   328 | D        | Reached ****** piety under the Shining One
   328 | D        | Noticed a spriggan rider
   329 | D        | Found a transporter.
   333 | D        | Killed a spriggan druid
   334 | D        | Reached skill level 15 in Fighting
   334 | D        | Reached XP level 10. HP: 99/105 MP: 13/15
   342 | D        | Reached skill level 15 in Maces & Flails
   353 | D        | Got the Incunable of the Special Xalams
   363 | D        | Identified a +7 sacred scourge of holy wrath (a +5 demon
                  | whip blessed by the Shining One)
   363 | D        | Received a gift from the Shining One
   365 | D        | Entered arena 10.
   365 | D        | Noticed a yaktaur captain
   365 | D        | Noticed a vault guard
   365 | D        | Noticed a vault sentinel
   365 | D        | Noticed a red very ugly thing
   365 | D        | Noticed an ironbound convoker
   365 | D        | Noticed a vault guard
   365 | D        | Noticed a vault sentinel
   374 | D        | Killed a vault guard
   380 | D        | Killed a red very ugly thing
   382 | D        | Killed an ironbound convoker
   383 | D        | Found a transporter.
   385 | D        | Killed a vault sentinel
   386 | D        | Killed a yaktaur captain
   387 | D        | Reached XP level 11. HP: 116/116 MP: 15/17
   388 | D        | Killed a vault guard
   402 | D        | Got the Annotations on the Sphinx and the Adder
   419 | D        | Entered arena 11.
   421 | D        | Found a transporter.
   447 | D        | Got the +7 sling of Fauhoi {heavy, rN+ Str+3}
   449 | D        | Got the +7 flail of Disembowelment {heavy, Fragile rElec
                  | rPois Dex+4}
   458 | D        | Entered arena 12.
   458 | D        | Noticed a frost giant
   458 | D        | Noticed a frost giant
   458 | D        | Noticed a nargun
   458 | D        | Noticed a nargun
   458 | D        | Noticed a wendigo
   458 | D        | Noticed a frost giant
   472 | D        | Killed a nargun
   472 | D        | Killed a frost giant
   473 | D        | Reached skill level 10 in Invocations
   474 | D        | Killed a wendigo
   476 | D        | Killed a frost giant
   477 | D        | Killed a frost giant
   478 | D        | Reached skill level 15 in Armour
   480 | D        | Killed a nargun
   484 | D        | Found a transporter.
   834 | D        | Entered arena 13.
   834 | D        | Noticed a necromancer
   834 | D        | Noticed a necromancer
   834 | D        | Noticed a necromancer
   834 | D        | Noticed a vampire knight
   836 | D        | Noticed a vampire mage
   840 | D        | Killed a vampire knight
   841 | D        | Found a transporter.
   845 | D        | Killed a necromancer
   853 | D        | Killed a vampire mage
   855 | D        | Killed a necromancer
   856 | D        | Killed a necromancer
   857 | D        | Reached skill level 10 in Evocations
   857 | D        | Reached XP level 12. HP: 129/129 MP: 19/19
   880 | D        | Got the Elucidation of Inconstant Beguiling
   892 | D        | Entered arena 14.
   893 | D        | Noticed a fire giant
   893 | D        | Noticed a hell hog
   893 | D        | Noticed a hell hog
   893 | D        | Noticed a balrug
   893 | D        | Noticed a searing wretch
   893 | D        | Noticed a hell hog
   893 | D        | Noticed a hell hog
   893 | D        | Noticed a searing wretch
   893 | D        | Noticed a fire giant
   893 | D        | Noticed a salamander tyrant
   893 | D        | Noticed a hell hog
   895 | D        | Noticed a hell hog
   899 | D        | HP: 3/129 [hell hog/fireball (12)]
   899 | D        | Killed from afar by a hell hog

Illustrated notes

Levels and vault maps discovered:
D:        sprint_v [room_start, room_1, room_2, room_3, room_4, room_5, room_6,
          room_7, room_8, room_9, room_10, room_11, room_12, room_13, room_14,
          room_15, room_16, room_17, room_18, room_19, room_20, room_21,
          room_22, room_23, room_24, room_25, room_26, room_27]

Skill      XL: |  1  2  3  4  5  6  7  8  9 10 11 |
---------------+----------------------------------+-----
Fighting       | 6 7 8 10 11 13 15 16 18 | 18.9
Maces & Flails | 5 6 8 9 10 11 13 14 16 18 | 18.7
Armour         | 5 6 7 8 9 11 13 16 | 16.2
Shields        | 5 6 7 8 9 10 12 13 | 13.6
Invocations    | 2 3 4 5 6 8 9 11 | 11.0
Evocations     | 1 2 3 4 6 7 8 10 | 10.0

Action                     |  1- 3 |  4- 6 |  7- 9 | 10-12 || total
---------------------------+-------+-------+-------+-------++-------
  Melee: Shillelagh        |     2 |     9 |    25 |    26 ||    62
         Headbutt          |       |       |     4 |    14 ||    18
         Sacred scourge    |       |       |       |    52 ||    52
 Invoke: Brand Weapon With |       |       |       |     1 ||     1
         Divine Shield     |       |       |       |     1 ||     1
  Evoke: Wand              |       |       |     1 |     4 ||     5
    Use: Potion            |     1 |       |       |     8 ||     9
 Armour: Plate armour      |       |     2 |    15 |    20 ||    37
  Dodge: Dodged            |       |       |       |     1 ||     1
  Block: Kite shield       |     2 |    11 |    41 |    93 ||   147
         Reflection        |       |       |     5 |     3 ||     8
